 Dungeon Crawl Stone Soup version 0.20.1-1-g8b1a95d (webtiles) character file.

546 manon the Firebug (level 7, 0/36 HPs)
             Began as a Gargoyle Fire Elementalist on Nov 9, 2017.
             Was an Initiate of Vehumet.
             Slain by a centaur (7 damage)
             ... on level 6 of the Dungeon.
             The game lasted 00:21:14 (4359 turns).

manon the Firebug (Gargoyle Fire Elementalist)      Turns: 4359, Time: 00:21:15

Health: 0/36       AC:  6    Str: 12    XL:     7   Next: 28%
Magic:  0/11       EV: 12    Int: 17    God:    Vehumet [......]
Gold:   121        SH:  0    Dex: 10    Spells: 4/12 levels left

rFire    . . .     SeeInvis .   b - +0 mace
rCold    . . .     Gourm    .   (no shield)
rNeg     + . .     Faith    .   f - +0 robe
rPois    ∞         Spirit   .   (no helmet)
rElec    +         Reflect  .   (no cloak)
rCorr    .         Harm     .   (no gloves)
MR       .....                  (no boots)
Stlth    ++........             (no amulet)
Regen    0.2/turn               (no ring)
MPRegen  0.2/turn               (no ring)

@: very slightly contaminated
A: negative energy resistance 1, electricity resistance, unbreathing,
petrification resistance, rot immunity, AC +4
a: Renounce Religion


You were on level 6 of the Dungeon.
You worshipped Vehumet.
Vehumet was noncommittal.
You were not hungry.

You visited 2 branches of the dungeon, and saw 7 of its levels.

You collected 121 gold pieces.

Inventory:

Hand Weapons
 a - a +0 hunting sling
 b - a +0 mace (weapon)
 y - a +0 whip
Missiles
 d - 143 stones (quivered)
 g - 35 bolts
 u - a throwing net
 v - 21 arrows
 w - 2 tomahawks
Armour
 f - a +0 robe (worn)
 i - a +0 ring mail of poison resistance
Jewellery
 j - a +5 ring of protection {unknown}
 r - a cursed ring of ice {unknown}
 s - an uncursed amulet of rage {unknown}
 x - an uncursed ring of ice {unknown}
Scrolls
 e - 2 scrolls of identify
 k - a scroll of recharging {unknown}
 m - a scroll of noise {unknown}
 n - a scroll of remove curse {unknown}
 o - a scroll of amnesia {unknown}
 t - a scroll of immolation {unknown}
 A - a scroll of teleportation
 D - a scroll of enchant armour {unknown}
Potions
 h - a potion of flight
 z - a potion of lignification {unknown}
 B - a potion of curing
Books
 l - a book of Conjurations

   Spells                             Type                      Level
   a - Magic Dart                     Conjuration                  1
   b - Searing Ray                    Conjuration                  2
   c - Dazzling Spray                 Conjuration/Hexes            3
   d - Fulminant Prism                Conjuration/Hexes            4
   e - Force Lance                    Conjuration/Translocation    4
   f - Iskenderun's Mystic Blast      Conjuration                  4
 p - a book of Flames

   Spells                             Type                      Level
   a - Flame Tongue                   Conjuration/Fire             1
   b - Throw Flame                    Conjuration/Fire             2
   c - Conjure Flame                  Conjuration/Fire             3
   d - Inner Flame                    Hexes/Fire                   3
   e - Sticky Flame                   Conjuration/Fire             4
   f - Fireball                       Conjuration/Fire             5
Comestibles
 c - 4 bread rations
 q - 2 meat rations


   Skills:
 - Level 2.6 Maces & Flails
 - Level 1.5 Dodging
 - Level 2.1 Stealth
 + Level 3.0 Spellcasting
 + Level 5.1 Conjurations
 + Level 5.2 Fire Magic


You had 4 spell levels left.
You knew the following spells:

 Your Spells              Type           Power        Failure   Level  Hunger
a - Flame Tongue          Conj/Fire      ###..        1%          1    None
b - Sticky Flame          Conj/Fire      ###.....     21%         4    ####...
c - Conjure Flame         Conj/Fire      ###.....     6%          3    ###....


Dungeon Overview and Level Annotations

Branches:
Dungeon (6/15)             Temple (1/1) D:5

Altars:
Fedhas
Gozag
Hepliaklqana
Nemelex Xobeh
Qazlal
Uskayaw
Vehumet
Yredelemnul
Zin

Shops:
D:4 (

Annotations:
D:3 Sigmund
D:4 exclusion: orc priest


Innate Abilities, Weirdness & Mutations

You are resistant to torment.
Your stone body is resilient. (AC +4)
You are immune to poison.
You resist negative energy. (rN+)
You are resistant to electric shocks. (rElec)
You can survive without breathing.
You are immune to petrification.
You are immune to rotting.


Message History

* * * LOW HITPOINT WARNING * * *
The centaur hits you.
* * * LOW HITPOINT WARNING * * *
Casting: Flame Tongue
Confirm with . or Enter, or press ? or * to list all spells.
Aiming: Flame Tongue
Press: ? - help, Shift-Dir - straight line, f/p - centaur
Aim: a centaur (moderately wounded)
The flame tongue hits the centaur.
The centaur appears unharmed.
The centaur is moderately wounded.
The centaur misses you.
Casting: Flame Tongue
Confirm with . or Enter, or press ? or * to list all spells.
Aiming: Flame Tongue
Press: ? - help, Shift-Dir - straight line, f/p - centaur
Aim: a centaur (moderately wounded)
The flame tongue hits the centaur.
The centaur is heavily wounded.
The centaur hits you!
You die...

#........(# #........c# ##
........$ .##### .......
........ ..... .###.....#.
... ########### .. ...#.##.#
#.........# .#
.#.#....#####.#######.# ..
......)..c@.........#.#
..........#####.#####.#.#
######.######.# #.........#
.......######.############..#
#####.......................#
#.#######.############..#
#.#######.# #........#
#.........# #.......##
#.######### #######.#


You could see a centaur.

Vanquished Creatures
  An ice beast (D:5)
  A centaur (D:6)
  Blork the orc (D:5)
  A bullfrog (D:5)
  A howler monkey (D:5)
  A jelly (D:5)
  A centaur zombie (D:5)
  An iguana (D:5)
  A hound skeleton (D:5)
  2 adders
  A shadow imp (D:5)
  An ooze (D:1)
  2 worms (D:2)
  4 dart slugs
  3 leopard geckos
  8 orcs
  2 giant cockroaches
  6 hobgoblins
  3 jackals (D:5)
  4 kobolds
  A quokka (D:5)
  2 ball pythons
  7 bats
  5 frilled lizards
  4 goblins
  5 rats
69 creatures vanquished.

Notes
Turn   | Place    | Note
-------+----------+-------------------------------------------
     0 | D:1      | manon the Gargoyle Fire Elementalist began the quest for the Orb.
     0 | D:1      | Reached XP level 1. HP: 10/10 MP: 3/3
   187 | D:1      | Reached XP level 2. HP: 8/15 MP: 3/5
   808 | D:1      | Reached XP level 3. HP: 19/19 MP: 4/6
  1104 | D:2      | Learned a level 3 spell: Conjure Flame
  1328 | D:2      | Found a sparkling altar of Nemelex Xobeh.
  1390 | D:2      | Found a hide-covered altar of Uskayaw.
  1932 | D:3      | Reached skill level 1 in Maces & Flails
  1932 | D:3      | Reached XP level 4. HP: 24/24 MP: 3/7
  2485 | D:3      | Noticed Sigmund
  2669 | D:4      | Found Guysump's Antique Weapon Shop.
  2796 | D:5      | Entered Level 5 of the Dungeon
  2796 | D:5      | Noticed Blork the orc
  2812 | D:5      | Killed Blork the orc
  2812 | D:5      | Reached XP level 5. HP: 21/28 MP: 2/8
  2989 | D:5      | Found a staircase to the Ecumenical Temple.
  2997 | Temple   | Entered the Ecumenical Temple
  3015 | Temple   | Became a worshipper of Vehumet
  3112 | D:5      | Learned a level 4 spell: Sticky Flame
  3216 | D:5      | Reached XP level 6. HP: 20/32 MP: 3/9
  3505 | D:5      | Noticed an ice beast
  3520 | D:5      | Killed an ice beast
  3822 | D:6      | Found a blossoming altar of Fedhas.
  3913 | D:6      | Noticed an orc warrior
  3940 | D:5      | Reached skill level 5 in Fire Magic
  3940 | D:5      | Reached XP level 7. HP: 24/36 MP: 5/11
  4084 | D:6      | Reached skill level 5 in Conjurations
  4359 | D:6      | Slain by a centaur

Skill      XL: |  1  2  3  4  5  6  7 |
---------------+----------------------+-----
Conjurations   | 2 3 4 5 |  5.1
Maces & Flails | 1 2 |  2.6
Fire Magic     | 4 5 |  5.2
Spellcasting   | 3 |  3.0
Dodging        | |  1.5
Stealth        | |  2.1

Action                   |  1- 3 |  4- 6 |  7- 9 || total
-------------------------+-------+-------+-------++-------
Melee: Whip              |       |    62 |    15 ||    77
       Mace              |       |       |     3 ||     3
 Fire: Hunting sling     |    89 |    62 |     1 ||   152
 Cast: Flame Tongue      |    34 |    44 |     8 ||    86
       Conjure Flame     |       |     2 |       ||     2
       Sticky Flame      |       |     1 |       ||     1
  Use: Scroll            |       |     4 |       ||     4
       Potion            |       |     2 |       ||     2
  Eat: Bread ration      |     1 |       |       ||     1
       Chunk             |       |     4 |     2 ||     6
       Royal jelly       |       |     1 |       ||     1
Armor: Robe              |     9 |    26 |     4 ||    39
Dodge: Dodged            |    16 |    63 |     6 ||    85
